 Dungeon Crawl Stone Soup version 0.29.1-15-g9cfb28693d (webtiles) character file.

Game seed: 2492270484910100338

79 croobank the Firebug (level 4, 0/30 HPs)
             Began as a Demonspawn Fire Elementalist on Mar 20, 2023.
             Slain by a gnoll
             ... wielding a +0 flail
              (5 damage)
             ... on level 3 of the Dungeon.
             The game lasted 00:05:41 (2915 turns).

croobank the Firebug (Demonspawn Fire Elementalist) Turns: 2915, Time: 00:05:42

Health: 0/30       AC:  4    Str:  9    XL:     4   Next: 16%
Magic:  1/7        EV: 12    Int: 18    God:
Gold:   54         SH:  0    Dex: 13    Spells: 5/8 levels left

rFire   . . .      SeeInvis .   h - +0 short sword
rCold   . . .      Faith    .   (no shield)
rNeg    . . .      Spirit   .   a - +0 robe
rPois   .          Reflect  .   (helmet restricted)
rElec   .          Harm     .   (no cloak)
rCorr   .          Rampage  .   (no gloves)
Will    .....                   (no boots)
Stlth   ++........              (no amulet)
HPRegen 0.10/turn               (no ring)
MPRegen 0.10/turn               (no ring)

@: flying, very slightly contaminated
A: horns 1, thin metallic scales 1
a: no special abilities


You were on level 3 of the Dungeon.
You visited 1 branch of the dungeon, and saw 3 of its levels.

You collected 54 gold pieces.

Inventory:

Hand Weapons
 h - a +0 short sword (weapon)
Missiles
 g - 5 javelins
Armour
 a - a +0 robe (worn)
Scrolls
 b - 4 scrolls of identify {unknown}
 d - a scroll of teleportation {unknown}
 e - 2 scrolls of fog {unknown}
 j - a scroll of summoning {unknown}
 k - a scroll of blinking {unknown}
Potions
 c - a potion of flight
 f - 2 potions of degeneration {unknown}
 i - a potion of heal wounds {unknown}


   Skills:
 + Level 2.3 Dodging
 + Level 2.4 Stealth
 + Level 2.5 Spellcasting
 + Level 2.0 Conjurations
 + Level 3.1 Fire Magic


You had 5 spell levels left.
You knew the following spells:

 Your Spells              Type           Power      Damage    Failure   Level
a - Foxfire               Conj/Fire      44%        2x1d6     6%          1
b - Scorch                Fire           26%        2d6       7%          2

Your spell library contained the following spells:

 Spells                   Type           Power      Damage    Failure   Level
 Conjure Flame            Conj/Fire      11%        6-21      19%         3
 Inner Flame              Hex/Fire       7%         N/A       26%         3
 Flame Wave               Conj/Fire      11%        2d6       52%         4


Dungeon Overview and Level Annotations

Branches:
Dungeon (3/15)

Altars:

Annotations:
D:3 1 runed translucent door


Innate Abilities, Weirdness & Mutations

You have a pair of small horns on your head.
You are partially covered in thin metallic scales. (AC +2)


Message History

Attack!
The foxfire hits the gnoll.
The gnoll is heavily wounded.
The foxfire hits the gnoll.
You kill the gnoll!
Your Conjurations skill increases to level 2!
There is a stone staircase leading up here.
You climb upwards.
There is a stone staircase leading down here.
You start resting.
Magic restored.
You climb downwards.
Level annotation: 1 runed translucent door The gnoll misses you.
The gnoll closely misses you. x2
The gnoll hits you but does no damage.
There is a stone staircase leading up here.
Casting: Foxfire (safe; 6% risk of failure)
Confirm with . or Enter, or press ? or * to list all spells.
Flames lash the gnoll.
The gnoll is moderately wounded.
The gnoll's fire resistance burns away.
The gnoll hits you with a +0 whip. The gnoll hits you with a +0 flail!
Casting: Scorch (safe; 7% risk of failure)
Confirm with . or Enter, or press ? or * to list all spells.
You miscast Scorch.
You are very lightly contaminated with residual magic.
Nothing appears to happen.
The gnoll hits you with a +0 whip. The gnoll barely misses you.
Casting: Scorch (safe; 7% risk of failure)
Confirm with . or Enter, or press ? or * to list all spells.
Flames lash the gnoll.
The gnoll is heavily wounded.
The gnoll's fire resistance burns away.
The gnoll barely misses you. The gnoll hits you with a +0 flail!
* * * LOW HITPOINT WARNING * * *
It was a potion of flight.
You feel very buoyant.
You fly up into the air.
The gnoll is no longer more vulnerable to fire.
The gnoll misses you. The gnoll hits you with a +0 flail.
You die...

#.. ......# #...... #...
...... .# #.... #......
#..)#+#.... .# #.....#......
#...)...#.#+#.# #.....#......
#.......#.....#.#.....#......
#.............#.#.....#......
#......##.......#............
#####+###....g#####..........
.###...@g...............
......>..######...<......
.........................
........########.........#
..............##.........#
...............#..........
.....##........#..........
....##...................
.....#...................


You could see 2 gnolls.

Vanquished Creatures
  2 gnolls (D:3)
  A worm (D:2)
  3 dart slugs (D:2)
  3 ball pythons
  3 endoplasms
  A giant cockroach (D:3)
  7 hobgoblins
  3 jackals (D:1)
  3 quokkas
  6 bats
  3 frilled lizards
  6 goblins
  3 kobolds
  4 rats
48 creatures vanquished.

Vanquished Creatures (others)
  65 foxfires
65 creatures vanquished.

Grand Total: 113 creatures vanquished

Notes
Turn   | Place    | Note
-------+----------+-------------------------------------------
     0 | D:1      | croobank the Demonspawn Fire Elementalist began the quest
                  | for the Orb.
     0 | D:1      | Reached XP level 1. HP: 13/13 MP: 3/3
   505 | D:1      | Gained mutation: You have a pair of small horns on your
                  | head. [demonic ancestry]
   505 | D:1      | Reached XP level 2. HP: 19/19 MP: 1/5
   508 | D:1      | Learned a level 2 spell: Scorch
   918 | D:3      | Found a runed translucent door.
   931 | D:3      | Noticed a bullfrog
  1118 | D:2      | Gained mutation: You are partially covered in thin metallic
                  | scales. (AC +2) [demonic ancestry]
  1118 | D:2      | Reached XP level 3. HP: 24/24 MP: 0/6
  1190 | D:2      | Reached skill level 3 in Fire Magic
  2391 | D:2      | Identified the +10 rapier of the Wicked God {freeze, Will+}
  2845 | D:3      | Reached XP level 4. HP: 30/30 MP: 2/7
  2915 | D:3      | Slain by a gnoll

Illustrated notes

Levels and vault maps discovered:
D:1:      eino_arrival_druids_welcome, layout_basic,
          chequers_serial_rivers_large_b
D:2:      layout_basic
D:3:      layout_basic, grunt_temple_overflow_lords_of_destruction,
          fedhas_ov_isle_minmay, shapermc_ecumenical_altar_mp_highgroup,
          ebering_ghost_sewer_f

Skill      XL: |  1  2  3  4 |
---------------+-------------+-----
Stealth        | 2 |  2.4
Dodging        | 2 |  2.3
Fire Magic     | 3 |  3.1
Conjurations   | 2 |  2.0
Spellcasting   | |  2.5

Action                   |  1- 3 |  4- 6 || total
-------------------------+-------+-------++-------
Melee: Unarmed           |     5 |       ||     5
       Short sword       |     8 |       ||     8
       Headbutt          |     2 |       ||     2
 Cast: Foxfire           |    39 |     2 ||    41
       Scorch            |    34 |     2 ||    36
  Use: Potion            |     1 |     1 ||     2
Armor: Robe              |     5 |     1 ||     6
Dodge: Dodged            |    16 |     6 ||    22
